[Event "Early-Titled-Tuesday-Blitz-April-02-2024"]
[Site "Chess.com"]
[Date "2024.04.02"]
[Round "3"]
[White "Dacean99"]
[Black "moro182"]
[Result "0-1"]
[WhiteElo "2669"]
[BlackElo "2892"]
[TimeControl "180+1"]
[EndTime "8:27:51 PDT"]
[Termination "moro182 won by checkmate"]

1. e4 g6 2. d4 Bg7 3. Nf3 d6 4. c3 Nf6 5. Bd3 O-O 6. O-O Nc6 7. Re1 e5 8. dxe5 dxe5 9. h3 Nh5 10. Bb5 Qe8 11.
Be3 a6 12. Ba4 b5 13. Bb3 Nf4 14. Nbd2 Bb7 15. Nf1 Rd8 16. Qc2 Qe7 17. Rad1 Na5 18. a4 Nxb3 19. Qxb3 Nd3 20. Rxd3 Rxd3 21. axb5 Qe6 22.
Qb4 Rfd8 23. Ng3 h6 24. Qc5 Qd6 25. Qa7 Bc8 26. Bc5 Qe6 27. bxa6 Qc6 28. Be3 Bxa6 29. Kh2 Ra8 30. Qc5 Qxc5 31. Bxc5 Bc4 32. Ba3 Bb3 33.
Re2 Rad8 34. Nf1 f6 35. N1d2 Bd1 36. Re3 Rxd2 37. Nxd2 Rxd2 38. Kg3 h5 39. f3 Bh6 40. Re1 Bf4+ 41. Kh4 Rxg2 42. Rxd1 Bg5# 0-1

[Event "Early-Titled-Tuesday-Blitz-April-02-2024"]
[Site "Chess.com"]
[Date "2024.04.02"]
[Round "3"]
[White "MasterKroket"]
[Black "Louis-Paulsen-Fan"]
[Result "0-1"]
[WhiteElo "2558"]
[BlackElo "2279"]
[TimeControl "180+1"]
[EndTime "8:27:51 PDT"]
[Termination "Louis-Paulsen-Fan won by resignation"]

1. e4 Nf6 2. e5 Nd5 3. d4 d6 4. c4 Nb6 5. f4 dxe5 6. fxe5 c5 7. d5 e6 8. Nc3 exd5 9. cxd5 Qh4+ 10. g3 Qd4 11.
Nf3 Qxd1+ 12. Kxd1 Bg4 13. Be2 Na6 14. h3 Bxf3 15.
Bxf3 Nb4 16. Be4 N4xd5 17. Nxd5 Nxd5 18. Bd2 O-O-O 19. Kc2 Be7 20. Rhe1 Nb4+ 21. Bxb4 cxb4 22. Rad1 Bc5 23. Rxd8+ Rxd8 24. Bxh7 g6 25. e6 Rh8 26. exf7 Rxh7 27. Re8+ Kd7 28. f8=Q Bxf8 29. Rxf8 Rxh3 30.
Rf4 Rxg3 31. Rxb4 b6 32. Rf4 a5 33. Rf6 Kc7 34. b3 g5 35. a3 g4 36. Rg6 Rg1 37.
Kc3 g3 38. Kb2 b5 39. Ka2 b4 40. axb4 axb4 41. Kb2 Rg2+ 42. Kb1 Kd7 43. Rg4 Ke6 44. Rxb4 Rf2 45. Rg4 g2 46. b4 Rf1+ 47. Kb2 g1=Q 48. Rxg1 Rxg1 0-1

[Event "Early-Titled-Tuesday-Blitz-April-02-2024"]
[Site "Chess.com"]
[Date "2024.04.02"]
[Round "3"]
[White "Elprofessor21"]
[Black "eljanov"]
[Result "0-1"]
[WhiteElo "2665"]
[BlackElo "2887"]
[TimeControl "180+1"]
[EndTime "8:27:52 PDT"]
[Termination "eljanov won by resignation"]

1. e4 c6 2. Nf3 d5 3. Nc3 dxe4 4.
Nxe4 Nf6 5. d3 c5 6. Be2 Nc6 7. O-O e6 8. Be3 Nd4 9. c3 Nxe2+ 10. Qxe2 Qc7 11. Nxf6+ gxf6 12. d4 Bd7 13. dxc5 Bxc5 14. Bxc5 Qxc5 15. Rfd1 O-O-O 16. b4 Qc7 17. c4 Ba4 18.
Rxd8+ Rxd8 19. b5 Qc5 20. h3 Rd6 21. Qe4 h5 22. Qh4 Qf5 23. c5 Rd1+ 24. Rxd1 Bxd1 25. Qd4 Bxf3 26. gxf3 Qb1+ 27. Kg2 Qxb5 28. Qd6 Qd7 29. Qf8+ Kc7 30. Qh8 Qe7 31. Qxh5 f5 32. h4 Qf6 33. Qh7 Qg6+ 34. Qxg6 fxg6 35. Kg3 e5 36. h5 gxh5 37. Kh4 Kc6 38. Kxh5 Kxc5 39. Kg5 f4 40. Kf5 Kd5 41. Kf6 b5 42. Ke7 a5 0-1

[Event "Early-Titled-Tuesday-Blitz-April-02-2024"]
[Site "Chess.com"]
[Date "2024.04.02"]
[Round "3"]
[White "temus_galaktionov"]
[Black "krstulov_alex"]
[Result "0-1"]
[WhiteElo "2849"]
[BlackElo "2674"]
[TimeControl "180+1"]
[EndTime "8:27:52 PDT"]
[Termination "krstulov_alex won by checkmate"]

1. d4 Nf6 2. Nf3 g6 3. c4 Bg7 4.
Nc3 O-O 5. e4 d6 6. Be2 Nbd7 7. O-O e5 8. Be3 Qe7 9. dxe5 dxe5 10. Nd5 Qd8 11. Qc2 Nh5 12. c5 c6 13.
Nc3 Qe7 14. b4 Nf4 15. Bc4 a5 16. a3 Nf6 17. Rad1 Bg4 18. Bxf4 exf4 19. Rfe1 Bxf3 20.
gxf3 axb4 21. axb4 Ra3 22. e5 Nh5 23. e6 Qg5+ 24.
Kh1 Rxc3 25. exf7+ Kh8 26. Qe2 Nf6 27. Be6 Qh5 28. Rd3 Nd5 29. Rxc3 Nxc3 30. Qd3 Nb5 31. Re4 Qh4 32. Kg2 Qg5+ 33. Kh3 Nc7 34. Bc4 Nd5 35. Re8 Nf6 36. Re2 h5 37. Qd6 Ng4 38. Be6 Ne5 39.
Re4 Nxf3 40. Qxf4 Ng1# 0-1

[Event "Early-Titled-Tuesday-Blitz-April-02-2024"]
[Site "Chess.com"]
[Date "2024.04.02"]
[Round "3"]
[White "akanga001"]
[Black "InitiatingASC"]
[Result "1-0"]
[WhiteElo "2116"]
[BlackElo "2356"]
[TimeControl "180+1"]
[EndTime "8:27:52 PDT"]
[Termination "akanga001 won on time"]

1. d4 d5 2. c4 e6 3. Nc3 c5 4. cxd5 exd5 5. Nf3 Nc6 6. g3 Nf6 7. Bg2 Be7 8. O-O O-O 9. Bg5 c4 10. e3 Be6 11. Nd2 Qa5 12. Rc1 Nb4 13. b3 Nd3 14.
Bxf6 gxf6 15. Rc2 Nb4 16. Rc1 Nd3 17. Rc2 Rac8 18. bxc4 dxc4 19. d5 Bf5 20. e4 Bg6 21.
Nxc4 Rxc4 22. Qxd3 Rfc8 23. Rfc1 Qa3 24. Bf1 b5 25. Nxb5 Qxc1 26. Rxc4 Rxc4 27. Qxc4 Qxc4 28. Bxc4 Bxe4 29. Nxa7 Bc5 30. Nc6 Kf8 31. Kf1 Ke8 32.
Ke2 Kd7 33. f3 Bb1 34. a4 Kc7 35. a5 Bf5 36. g4 Bd7 37. Kd3 Bd6 38. h3 h5 39. Nd4 hxg4 40. fxg4 Bb4 41. a6 Kb6 42. Nc6 Bf8 43. a7 Bxc6 44. dxc6 Kxa7 45. Bxf7 Kb6 46. Be8 Kc7 47. Ke4 Kd6 48. Kf5 1-0

[Event "Early-Titled-Tuesday-Blitz-April-02-2024"]
[Site "Chess.com"]
[Date "2024.04.02"]
[Round "3"]
[White "viktorgen2021"]
[Black "davidkalashian"]
[Result "0-1"]
[WhiteElo "2486"]
[BlackElo "2659"]
[TimeControl "180+1"]
[EndTime "8:27:53 PDT"]
[Termination "davidkalashian won by checkmate"]

1. d4 Nf6 2. Nf3 g6 3. g3 Bg7 4. Bg2 O-O 5. O-O d6 6. a4 c6 7. a5 Bg4 8. Nc3 a6 9. Qd3 Nbd7 10. h3 Bxf3 11. exf3 Qc7 12. f4 e5 13. dxe5 dxe5 14. Re1 Rad8 15. Qc4 Rfe8 16. Be3 Nh5 17. Rad1 exf4 18.
Nd5 Qxa5 19. Nxf4 Nxf4 20. Qxf4 Nf6 21. c3 Nd5 22. Bxd5 Rxd5 23. Bd4 Rxe1+ 24. Rxe1 Bxd4 25. Re8+ Kg7 26. cxd4 Rf5 27. Qb8 Qb4 28. Rg8+ Kh6 29. Kg2 Qe7 30. g4 Qe4+ 31. Kf1 Qd3+ 32. Kg1 Qd1+ 33.
Kh2 Rxf2+ 34. Kg3 Rf3+ 35. Kh2 Qe2+ 36. Kg1 Rf1# 0-1

[Event "Early-Titled-Tuesday-Blitz-April-02-2024"]
[Site "Chess.com"]
[Date "2024.04.02"]
[Round "3"]
[White "dodorox"]
[Black "norwaytoadog"]
[Result "1-0"]
[WhiteElo "2163"]
[BlackElo "2364"]
[TimeControl "180+1"]
[EndTime "8:27:53 PDT"]
[Termination "dodorox won on time"]

1. d4 d5 2. c4 c6 3. cxd5 cxd5 4. Nc3 Nf6 5. Bf4 Nc6 6. e3 a6 7. Bd3 Bg4 8. f3 Bh5 9. Nge2 e6 10. O-O Bd6 11. Rc1 O-O 12. Na4 e5 13. dxe5 Nxe5 14. Bb1 Nc4 15. Rxc4 dxc4 16. Qxd6 Qa5 17. Nac3 Rad8 18.
Qc7 Qb4 19. Qe5 Rfe8 20. Qg5 Qxb2 21. Be5 h6 22. Qg3 Re6 23. Bd4 Qa3 24. Nf4 g5 25.
Nxe6 fxe6 26. Bxf6 Rf8 27. Qe5 Rf7 28. Ne4 Qxe3+ 29.
Kh1 Qe2 30. Rg1 1-0

[Event "Early-Titled-Tuesday-Blitz-April-02-2024"]
[Site "Chess.com"]
[Date "2024.04.02"]
[Round "3"]
[White "m_ezat"]
[Black "FGHSMN"]
[Result "1-0"]
[WhiteElo "2560"]
[BlackElo "2907"]
[TimeControl "180+1"]
[EndTime "8:27:54 PDT"]
[Termination "m_ezat won by checkmate"]

1. d4 Nf6 2. c4 e6 3. Nc3 Bb4 4. e3 b6 5. a3 Bxc3+ 6. bxc3 O-O 7. Bd3 d5 8. cxd5 exd5 9. f3 Ba6 10. Bxa6 Nxa6 11.
Ne2 c5 12. O-O Re8 13. Ra2 Rc8 14. Ng3 h5 15. Re2 Qd7 16. Rfe1 h4 17. Nh1 Nc7 18. e4 cxd4 19. cxd4 Nb5 20. Bb2 Nc3 21. Bxc3 Rxc3 22. e5 Nh5 23. Qd2 Rxa3 24. Qg5 g6 25. e6 Rxe6 26.
Rxe6 fxe6 27. Qxg6+ Ng7 28. Nf2 Qf7 29. Qg5 Qf5 30.
Qd8+ Qf8 31. Qxh4 Rc3 32. Ng4 Nf5 33. Qh5 Qf7 34. Nh6+ Nxh6 35. Qxh6 Qf5 36. Re5 Qb1+ 37. Kf2 Qc2+ 38. Kg3 Rc6 39. Rg5+ Kf7 40. Rg7+ Ke8 41. Qh8# 1-0

[Event "Early-Titled-Tuesday-Blitz-April-02-2024"]
[Site "Chess.com"]
[Date "2024.04.02"]
[Round "3"]
[White "KNVB"]
[Black "BashiqChess"]
[Result "1-0"]
[WhiteElo "2812"]
[BlackElo "2471"]
[TimeControl "180+1"]
[EndTime "8:27:55 PDT"]
[Termination "KNVB won by resignation"]

1. e4 c6 2. Nc3 d5 3. f4 dxe4 4. Nxe4 Nf6 5. Nf2 h5 6. Nf3 Bf5 7.
Nh4 e6 8. Nxf5 exf5 9. d4 Bd6 10.
Bd3 Qe7+ 11. Qe2 Qxe2+ 12. Kxe2 g6 13. Kf3 O-O 14. c4 Nbd7 15. Bd2 Rfe8 16. Rhe1 Nf8 17. Bc3 Ng4 18. g3 Nxh2+ 19. Kg2 Ng4 20. Nxg4 hxg4 21. c5 Be7 22. d5 cxd5 23. Bb5 Rec8 24. Rxe7 Rxc5 25.
Rh1 Nh7 26. Re2 Rxb5 27. Kf1 Rc8 28. Reh2 Kf8 29. Rxh7 Ke7 30. Ke2 d4 31. Bxd4 Re5+ 32. Bxe5 1-0

[Event "Early-Titled-Tuesday-Blitz-April-02-2024"]
[Site "Chess.com"]
[Date "2024.04.02"]
[Round "3"]
[White "Ordekalog"]
[Black "novocane"]
[Result "1-0"]
[WhiteElo "2639"]
[BlackElo "2439"]
[TimeControl "180+1"]
[EndTime "8:27:56 PDT"]
[Termination "Ordekalog won on time"]

1. e4 c5 2. d3 g6 3. g3 Bg7 4.
Bg2 Nc6 5. f4 e6 6. c3 d5 7. Nf3 h5 8. O-O h4 9. Nxh4 Rxh4 10.
gxh4 Nf6 11. Na3 b6 12. f5 gxf5 13. exf5 exf5 14. Bg5 Be6 15. h5 Qd7 16. h6 Bh8 17. Qe1 O-O-O 18. Qh4 Ng4 19. Bxd8 Nxd8 20. Rae1 Nc6 21.
Nc2 Bf6 22. Qh5 Qd8 23. Rxf5 Nxh6 24. Qxh6 Bxf5 25. Rf1 Bg6 26. Ne3 d4 27. Nd5 Be5 28. Nf4 Ne7 29. Nxg6 Nxg6 30. Qh3+ Kb8 31. c4 Nf4 32.
Qf3 Kc7 33. Qc6+ 1-0

[Event "Early-Titled-Tuesday-Blitz-April-02-2024"]
[Site "Chess.com"]
[Date "2024.04.02"]
[Round "3"]
[White "IsmaelAmadorGarcia"]
[Black "YouJustFoundYourGodfather"]
[Result "0-1"]
[WhiteElo "2306"]
[BlackElo "2591"]
[TimeControl "180+1"]
[EndTime "8:27:56 PDT"]
[Termination "YouJustFoundYourGodfather won by resignation"]

1. e4 d5 2. exd5 Qxd5 3. Nc3 Qa5 4. g3 Nf6 5. Bg2 c6 6. Nge2 Bg4 7. h3 Bf5 8. O-O Nbd7 9. a3 h5 10. b4 Qc7 11. d4 e6 12. Bf4 Bd6 13. Bxd6 Qxd6 14.
Nf4 h4 15. Nce2 hxg3 16. fxg3 g5 17. g4 Bxg4 18. hxg4 Nxg4 19. Nc3 Ne3 20. Ne4 Qc7 21. Qe2 Nxf1 22. Nxe6 fxe6 23. Rxf1 Qh2+ 24. Kf2 Rf8+ 25. Ke1 Rxf1+ 26. Qxf1 O-O-O 27. Kd1 Rf8 28. Qe2 Kc7 29.
c3 e5 30. dxe5 Qxe5 31. Kc2 Nf6 32. Qd3 Nxe4 33. Bxe4 Rd8 34. Qf3 Qf4 35. Qg2 g4 36. Kb3 Rd2 37. Qh1 Qf7+ 38. c4 Qg7 39. Ka4 a6 40.
Qe1 b5+ 41. Ka5 Qc3 42. Qg3+ Qxg3 0-1

[Event "Early-Titled-Tuesday-Blitz-April-02-2024"]
[Site "Chess.com"]
[Date "2024.04.02"]
[Round "3"]
[White "ChessFighter_2011"]
[Black "Statham_01"]
[Result "1-0"]
[WhiteElo "2922"]
[BlackElo "2625"]
[TimeControl "180+1"]
[EndTime "8:27:57 PDT"]
[Termination "ChessFighter_2011 won by checkmate"]

1. e4 e5 2. Nf3 Nf6 3. d4 Nxe4 4. Bd3 d5 5. Nxe5 Nd7 6. Nxd7 Bxd7 7. Nc3 Nxc3 8. bxc3 Bd6 9. O-O O-O 10. Qh5 g6 11. Qxd5 Qh4 12. g3 Qh3 13. Qg2 Qh5 14. Re1 Bg4 15.
Be4 Rae8 16. Bd2 c6 17. f3 Bh3 18. Qf2 f5 19. Bd3 f4 20. g4 Qg5 21. Rxe8 Rxe8 22.
Re1 Rf8 23. Kh1 Kg7 24. c4 Rf7 25. Bc3 Kh6 26. d5 cxd5 27. cxd5 Re7 28. Be4 b6 29. Bd4 Rc7 30. Bd3 Re7 31. Re6 Rxe6 32. dxe6 Be7 33. Bf1 Bxf1 34. Qxf1 Qh4 35. Be5 g5 36. Bc3 Kg6 37.
Qd3+ Kh6 38. Kg2 Bc5 39. Qe2 Kg6 40. e7 Bxe7 41. Qe6+ Bf6 42. Qxf6# 1-0

[Event "Early-Titled-Tuesday-Blitz-April-02-2024"]
[Site "Chess.com"]
[Date "2024.04.02"]
[Round "3"]
[White "inagreV"]
[Black "sonicdravise"]
[Result "0-1"]
[WhiteElo "2385"]
[BlackElo "2609"]
[TimeControl "180+1"]
[EndTime "8:27:57 PDT"]
[Termination "sonicdravise won by resignation"]

1. e4 c5 2. Nf3 d6 3. Bb5+ Nd7 4. d4 cxd4 5. Qxd4 a6 6. Be2 Ngf6 7. O-O e5 8. Qe3 Nc5 9. Nfd2 Be7 10. c4 O-O 11.
Nc3 Ng4 12. Bxg4 Bxg4 13. f3 Bg5 14. Qe2 Bd7 15. Rd1 Ne6 16. Nb3 Nf4 17. Bxf4 Bxf4 18. Rxd6 Qe7 19. Rad1 Be6 20. c5 Rad8 21. Nd5 Bxd5 22.
R1xd5 Qg5 23. Qd3 Rde8 24. Nd2 Be3+ 25. Kh1 Bd4 26. b4 Qh4 27. Qe2 a5 28. b5 a4 29.
Nf1 Rc8 30. c6 bxc6 31. bxc6 Rb8 32. c7 Rbc8 33. Rc6 Qe7 34. g3 Rxc7 35. Qc4 Rxc6 36.
Qxc6 Qa3 37. Kg2 Qxa2+ 38. Kh3 Qf2 0-1

[Event "Early-Titled-Tuesday-Blitz-April-02-2024"]
[Site "Chess.com"]
[Date "2024.04.02"]
[Round "3"]
[White "Savagelittlemole"]
[Black "lcmil"]
[Result "1-0"]
[WhiteElo "2513"]
[BlackElo "2283"]
[TimeControl "180+1"]
[EndTime "8:27:58 PDT"]
[Termination "Savagelittlemole won by resignation"]

1. e4 c5 2. Ne2 Nf6 3. e5 Nd5 4.
g3 Nc6 5. Bg2 Nc7 6. f4 d5 7. d4 Bf5 8. O-O e6 9. Be3 c4 10. c3 h5 11. Nd2 h4 12. Nf3 h3 13.
Bh1 b5 14. Nh4 Bd3 15. f5 Be7 16. fxe6 fxe6 17. Nf3 O-O 18. Rf2 b4 19. Nf4 Bf5 20. Qf1 bxc3 21. bxc3 Nb5 22. Bd2 g5 23. a4 gxf4 24.
axb5 fxg3 25. hxg3 Na5 26. Nh2 Nb3 27. Rd1 Bg5 28.
Bf4 Bxf4 29. Rxf4 Qg5 30. Qf2 Rf7 31. Nf3 Qg7 32. Nh4 Raf8 33. Nxf5 Rxf5 34. Kh2 Qg5 35. Rf1 Kg7 36. Qe2 Kh8 37. Rh4+ Kg7 38. Rg4 R8f7 39. Rxg5+ Rxg5 40. Rxf7+ Kxf7 41. Kxh3 Ke7 42. Bf3 Rg8 43. Bg4 Rb8 44. Qe3 Rg8 45. Qh6 1-0

[Event "Early-Titled-Tuesday-Blitz-April-02-2024"]
[Site "Chess.com"]
[Date "2024.04.02"]
[Round "3"]
[White "bipe137"]
[Black "viviania"]
[Result "0-1"]
[WhiteElo "2673"]
[BlackElo "2896"]
[TimeControl "180+1"]
[EndTime "8:27:59 PDT"]
[Termination "viviania won on time"]

1. d4 d5 2. c4 Nc6 3. Nf3 Bg4 4. cxd5 Bxf3 5. gxf3 Qxd5 6. e3 e6 7. Nc3 Qh5 8. Be2 O-O-O 9. f4 Qf5 10. Bf3 Nf6 11.
Qa4 Nd5 12. Nxd5 exd5 13. Bd2 Kb8 14. Rg1 g6 15. Rc1 Qe6 16. Kd1 Ne7 17. Ba5 Rc8 18. Rc3 c6 19. Ra3 Nf5 20. Bb4 Bxb4 21. Qxb4 Rc7 22. Be2 c5 23. dxc5 d4 24. Bc4 Qc6 25.
Qa5 a6 26. e4 Qxe4 27. Bxa6 Qb1+ 28. Kd2 Qxb2+ 29. Kd3 Re8 30. Kc4 Qe2+ 31. Kb4 Qxa6 32. Qxa6 bxa6 33. Ka5 Rxc5+ 34. Kb6 Rc7 0-1

[Event "Early-Titled-Tuesday-Blitz-April-02-2024"]
[Site "Chess.com"]
[Date "2024.04.02"]
[Round "3"]
[White "WindWhistler11"]
[Black "Mikhail_Golubev"]
[Result "0-1"]
[WhiteElo "2428"]
[BlackElo "2621"]
[TimeControl "180+1"]
[EndTime "8:27:59 PDT"]
[Termination "Mikhail_Golubev won by checkmate"]

1. c4 g6 2. Nc3 Bg7 3. e3 e5 4.
Nge2 d6 5. g3 Nf6 6. Bg2 O-O 7. b3 Re8 8. d3 Nc6 9. Bb2 Be6 10. a3 Qd7 11. h3 d5 12. cxd5 Nxd5 13. Ne4 Rad8 14. Nc5 Qc8 15. Nxe6 Qxe6 16. O-O a5 17. Rc1 Rd7 18. Qc2 Red8 19. Rfd1 Nde7 20. Nc3 Qf5 21. Ne4 b6 22. Qc4 h5 23. b4 axb4 24. axb4 Na7 25. Qa6 Nac8 26. Qb7 Nd5 27. b5 Nce7 28.
Rc4 c5 29. Qa6 Nb4 30. Qxb6 Nxd3 31. Rd2 Nd5 32. Qc6 Nxb2 33. Rxb2 Nb4 34. Nxc5 Nxc6 35. bxc6 Rd1+ 36. Kh2 Rc8 37. Nb7 Bf8 38. Rbc2 Rc7 39. Be4 Qf6 40. Bf3 Qxf3 41. Na5 Qh1# 0-1

[Event "Early-Titled-Tuesday-Blitz-April-02-2024"]
[Site "Chess.com"]
[Date "2024.04.02"]
[Round "3"]
[White "ccccvhhhj"]
[Black "BestestBP"]
[Result "1-0"]
[WhiteElo "2411"]
[BlackElo "2207"]
[TimeControl "180+1"]
[EndTime "8:27:59 PDT"]
[Termination "ccccvhhhj won by checkmate"]

1. e4 e5 2. Nf3 Nc6 3. d4 exd4 4. Nxd4 Nf6 5. Bb5 Nxe4 6. O-O Nd6 7. Bxc6 dxc6 8.
Re1+ Be7 9. Qe2 c5 10. Nb3 c4 11. Nd4 c5 12. Nf3 Be6 13. Be3 b6 14. Nbd2 O-O 15.
Rad1 Qc7 16. Bf4 Qb7 17. Ng5 Bxg5 18. Bxg5 Rfe8 19. Qh5 h6 20. Bxh6 gxh6 21. Qxh6 Nf5 22. Qg5+ Ng7 23. Ne4 Kf8 24. Qh6 Ke7 25. Qxg7 Rg8 26.
Qf6+ Kf8 27. f3 Qe7 28. Qf4 f6 29. Nxf6 Qf7 30. Qd6+ Kg7 31. Ne4 Bf5 32. Qe5+ Kh7 33. Nf6+ Kh6 34. Qxf5 Rg5 35. Qf4 Rf8 36. h4 Qxf6 37.
Qxg5+ Qxg5 38. hxg5+ Kxg5 39. Re5+ Kf4 40. Re4+ Kg3 41.
Rg4# 1-0

[Event "Early-Titled-Tuesday-Blitz-April-02-2024"]
[Site "Chess.com"]
[Date "2024.04.02"]
[Round "3"]
[White "David_ATM"]
[Black "kachsona"]
[Result "1-0"]
[WhiteElo "2424"]
[BlackElo "2597"]
[TimeControl "180+1"]
[EndTime "8:28:00 PDT"]
[Termination "David_ATM won on time"]

1. e4 d6 2. d4 Nf6 3. f3 c6 4.
Be3 e5 5. dxe5 dxe5 6. Qxd8+ Kxd8 7. Bc4 Ke8 8. Ne2 Nbd7 9. Nd2 b5 10. Bb3 Nc5 11.
Nf1 a5 12. c3 Nxb3 13. axb3 Be6 14. Nd2 h5 15. Kf2 Nd7 16. c4 Nc5 17. Nc3 b4 18. Na4 Nd3+ 19. Ke2 Nf4+ 20. Kf2 Rd8 21. Rhd1 Be7 22.
g3 Nh3+ 23. Kg2 Rd3 24. Bc5 Bg5 25. Nf1 Rxb3 26. Rd6 h4 27. Rad1 hxg3 28. hxg3 Be7 29. Rxc6 Bd7 30. Rc7 f5 31. Bxe7 Bxa4 32. Rd8+ Kf7 33.
Rxh8 Rxb2+ 34. Kxh3 fxe4 35. fxe4 1-0

[Event "Early-Titled-Tuesday-Blitz-April-02-2024"]
[Site "Chess.com"]
[Date "2024.04.02"]
[Round "3"]
[White "Durarbayli"]
[Black "SAInt_666"]
[Result "1-0"]
[WhiteElo "2940"]
[BlackElo "2718"]
[TimeControl "180+1"]
[EndTime "8:28:03 PDT"]
[Termination "Durarbayli won on time"]

1. e4 c5 2. Nf3 d6 3. d4 cxd4 4. Nxd4 Nf6 5. Nc3 Nc6 6. Bg5 e6 7. Qd2 a6 8. O-O-O Bd7 9. Kb1 Be7 10. f4 b5 11. Nf3 b4 12. Bxf6 gxf6 13. Ne2 Qb6 14. f5 e5 15. Qh6 O-O-O 16. Ng3 Na7 17.
Bc4 Rhf8 18. Qxh7 Nb5 19. Bxf7 Rh8 20. Qg7 Kb8 21. Bb3 Rde8 22. Qf7 Rhf8 23. Qd5 Bc6 24. Qd3 Rc8 25. h4 a5 26. h5 Ka7 27.
h6 Rh8 28. h7 Nc7 29. Nd2 a4 30. Bf7 Bb5 31. Bc4 Bc6 32. Ne2 Rb8 33. Rh6 Qc5 34. Rdh1 a3 35. b3 Qd5 36. exd5 1-0

[Event "Early-Titled-Tuesday-Blitz-April-02-2024"]
[Site "Chess.com"]
[Date "2024.04.02"]
[Round "3"]
[White "DreamsAreFake"]
[Black "Smiechu"]
[Result "1-0"]
[WhiteElo "2746"]
[BlackElo "2444"]
[TimeControl "180+1"]
[EndTime "8:28:03 PDT"]
[Termination "DreamsAreFake won on time"]

1. Nf3 Nf6 2. g3 c5 3. Bg2 Nc6 4. O-O g6 5. b3 Bg7 6. Bb2 O-O 7. c4 d6 8. e3 e5 9. d3 a6 10. Nc3 Rb8 11. d4 Bg4 12. dxc5 e4 13. cxd6 exf3 14.
Bh1 Ne4 15. Nxe4 Bxb2 16. Rb1 Bg7 17. c5 Ne5 18. b4 Qd7 19. Nd2 Bh3 20. Nxf3 Bxf1 21.
Qxf1 Nxf3+ 22. Bxf3 b6 23. Rc1 bxc5 24. bxc5 Rfc8 25.
Qxa6 Qb5 26. Qxb5 Rxb5 27. c6 Be5 28. d7 Rd8 29. c7 Bxc7 30. Rxc7 Kf8 31. a4 Rb1+ 32.
Kg2 Ra1 33. Bc6 Ke7 34. Bb5 Kd6 35. Rc6+ Ke7 36. Rc4 h6 37. Re4+ Kd6 38. Re8 Kc7 39. Re7 f6 40. Rf7 f5 41. Rf6 f4 42. gxf4 Rg8 43.
Re6 Rd1 44. Re8 Rg7 45. Rc8+ 1-0

[Event "Early-Titled-Tuesday-Blitz-April-02-2024"]
[Site "Chess.com"]
[Date "2024.04.02"]
[Round "3"]
[White "Gabcur"]
[Black "NovoselovRoman"]
[Result "0-1"]
[WhiteElo "2357"]
[BlackElo "2602"]
[TimeControl "180+1"]
[EndTime "8:28:03 PDT"]
[Termination "NovoselovRoman won by resignation"]

1. e4 e6 2. d4 d5 3. exd5 exd5 4. Nf3 Nf6 5. Bd3 Be7 6. h3 O-O 7. O-O c5 8. dxc5 Bxc5 9. Nbd2 Be6 10. Nb3 Nbd7 11. c3 Ne4 12. Nfd4 Bd6 13. Be3 Ndf6 14. Qc1 Rc8 15. Bf4 a6 16. Nf3 b5 17. a3 Qb6 18.
Bxd6 Qxd6 19. Re1 h6 20. Bxe4 dxe4 21. Nfd4 Bc4 22. Nf5 Qe5 23. Nbd4 Rfe8 24. Qe3 Be6 25. Ng3 Bd5 26. Ngf5 Bb7 27. Rad1 Rcd8 28. Qg3 Qxg3 29. fxg3 Rd5 30. Ne3 Rg5 31. g4 Rge5 32. Rf1 Nd5 33.
Nxd5 Rxd5 34. Rde1 g6 35. Re3 Kg7 36. Kf2 Rc8 37.
Ke2 Re5 38. Kd2 a5 39. Rc1 Rd8 40. Re2 b4 41. cxb4 axb4 42. a4 Rxd4+ 43. Ke3 Rd3+ 44. Kf2 e3+ 45. Kg1 Rd2 46. Rce1 Rxe2 47. Rxe2 Ba6 48. Re1 e2 49. Kf2 Rd5 0-1

[Event "Early-Titled-Tuesday-Blitz-April-02-2024"]
[Site "Chess.com"]
[Date "2024.04.02"]
[Round "3"]
[White "FairChess_on_YouTube"]
[Black "GnowReopard"]
[Result "1-0"]
[WhiteElo "3079"]
[BlackElo "2759"]
[TimeControl "180+1"]
[EndTime "8:28:04 PDT"]
[Termination "FairChess_on_YouTube won by resignation"]

1. Nf3 Nf6 2. c4 g6 3. b4 Bg7 4.
Bb2 Na6 5. a3 c5 6. b5 Nc7 7. d3 d5 8. Nbd2 d4 9. g3 O-O 10. Bg2 Nfe8 11. a4 Nd6 12. a5 Rb8 13. O-O e5 14. Re1 h6 15. e3 Bf5 16. exd4 exd4 17. Nb3 b6 18. axb6 axb6 19. Ne5 Bxe5 20.
Rxe5 Qf6 21. Re1 Rfe8 22. Qd2 h5 23. Qf4 Rxe1+ 24. Rxe1 Rd8 25. Nxd4 Re8 26. Rxe8+ Ncxe8 27. Nxf5 Qxf5 28. Qe3 Kf8 29. Bc6 Nc7 30. Be5 Qe6 31.
Qf4 Nce8 32. Bd5 Qd7 33. Qh6+ Ke7 34. Qg5+ f6 35. Bxd6+ Qxd6 36. Qxg6 Qe5 37. Qf7+ Kd6 38. Bc6 Qe1+ 39. Kg2 Qe6 40. Qxe6+ 1-0

[Event "Early-Titled-Tuesday-Blitz-April-02-2024"]
[Site "Chess.com"]
[Date "2024.04.02"]
[Round "3"]
[White "vladislavkovalev"]
[Black "Boundless_Strike"]
[Result "1-0"]
[WhiteElo "2888"]
[BlackElo "2666"]
[TimeControl "180+1"]
[EndTime "8:28:04 PDT"]
[Termination "vladislavkovalev won by checkmate"]

1. e4 d6 2. d4 Nf6 3. Nc3 c6 4. a4 Qa5 5. Bd3 e5 6. Ne2 Be7 7. O-O O-O 8. Bd2 Qc7 9. a5 Nbd7 10.
h3 Re8 11. f4 Bf8 12. dxe5 dxe5 13. f5 Nc5 14. Ng3 Nxd3 15. cxd3 Rd8 16. Bg5 Qd6 17. Rf3 Be7 18. Kh1 Bd7 19. Qe1 c5 20. Bxf6 Bxf6 21.
Nd5 Bc6 22. Nxf6+ Qxf6 23. Nh5 Qg5 24. Nxg7 Kh8 25. f6 Rd6 26. Qf2 Rad8 27. Rf1 Rxd3 28. Rxd3 Rxd3 29. Qxc5 Rxh3+ 30. Kg1 Qe3+ 31. Qxe3 Rxe3 32.
Rd1 h6 33. Nf5 Rxe4 34. Nxh6 Re2 35. Nxf7+ Kg8 36. Nh6+ Kh7 37. f7 Rxg2+ 38. Kf1 Kg7 39. Rd8 Rh2 40. f8=Q+ Kg6 41. Rd6+ Kg5 42. Qf5+ Kh4 43.
Qg4# 1-0

[Event "Early-Titled-Tuesday-Blitz-April-02-2024"]
[Site "Chess.com"]
[Date "2024.04.02"]
[Round "3"]
[White "Binary010"]
[Black "Art10ECHR"]
[Result "1-0"]
[WhiteElo "2799"]
[BlackElo "2524"]
[TimeControl "180+1"]
[EndTime "8:28:05 PDT"]
[Termination "Binary010 won by resignation"]

1. d4 d5 2. c4 e6 3. Nf3 Nf6 4.
g3 dxc4 5. Bg2 c5 6. O-O Nc6 7. dxc5 Qxd1 8. Rxd1 Bxc5 9. Nbd2 c3 10. bxc3 O-O 11.
Nb3 Be7 12. Nfd4 Nxd4 13. cxd4 Nd5 14. Bb2 f5 15. Rac1 b6 16. Nd2 Ba6 17. e4 fxe4 18. Nxe4 Rac8 19. h4 h6 20. Bh3 Kf7 21. Nd2 Nb4 22. Nf3 Rxc1 23. Ne5+ Kf6 24. Rxc1 Nd3 25. Rc6 Nxe5 26. dxe5+ Kf7 27. Bxe6+ Ke8 28. Bd4 Kd8 29.
Bg4 Bb7 30. Rc3 Rf7 31. f4 Bb4 32. Rd3 Kc7 33. Bf3 Bxf3 34. Rxf3 Rd7 35. Bc3 Bc5+ 36. Kg2 Rd1 37. e6 Kd6 38. f5 g6 39. fxg6 h5 40.
g7 Rg1+ 41. Kh2 Rh1+ 42. Kxh1 1-0

[Event "Early-Titled-Tuesday-Blitz-April-02-2024"]
[Site "Chess.com"]
[Date "2024.04.02"]
[Round "3"]
[White "vladoboch"]
[Black "Navyblue1"]
[Result "1-0"]
[WhiteElo "2511"]
[BlackElo "2276"]
[TimeControl "180+1"]
[EndTime "8:28:05 PDT"]
[Termination "vladoboch won on time"]

1. h4 c5 2. h5 d5 3. e3 e5 4. Be2 Nc6 5. Nc3 Be6 6. b3 Qd7 7.
Bb2 h6 8. Nf3 e4 9. Nh4 Nf6 10.
d3 Be7 11. dxe4 dxe4 12. Qxd7+ Bxd7 13. O-O-O a6 14. a4 Be6 15. g3 O-O 16. Ng2 Rfd8 17. Nf4 Bf5 18. g4 Nxg4 19. Bxg4 Bxg4 20. Rdg1 Bf3 21.
Ncd5 Bxh1 22. Rxg7+ Kf8 23. Rh7 Ke8 24. Nb6 Rab8 25.
Nfd5 Bf8 26. Rh8 Bf3 27. Bg7 Rxd5 28. Rxf8+ Ke7 29. Nxd5+ Kd6 30. Rxb8 Nxb8 31. Nf4 Nc6 32. Bxh6 Ke7 33. Bg5+ Kf8 34. Bf6 Ne7 35. h6 Ng8 36. h7 Nxf6 37. h8=Q+ Ke7 38. Nd5+ Nxd5 39. Qe5+ Kd7 40. Qxd5+ Ke7 41. Qxc5+ Ke6 42. Qb6+ 1-0